 Dungeon Crawl Stone Soup version 0.26-a0-818-g75db068ed4 (webtiles) character file.

Game seed: 12771811123647791153

1146 Giavanni the Cleaver (level 8, -5/73 HPs)
             Began as a Hill Orc Berserker on Nov 14, 2020.
             Was an Elder of Trog.
             Slain by a sixfirhy (10 damage)
             ... led by a cacodemon
             ... on level 1 of the Abyss.
             The game lasted 00:08:36 (5867 turns).

Giavanni the Cleaver (Hill Orc Berserker)           Turns: 5867, Time: 00:08:37

Health: -5/73      AC:  2    Str: 20    XL:     8   Next: 38%
Magic:  8/8        EV: 13    Int:  7    God:    Trog [****..]
Gold:   679        SH:  0    Dex: 12    Spells: 7/7 levels left

rFire    . . .     SeeInvis .   a - +0 hand axe
rCold    . . .     Faith    .   (no shield)
rNeg     . . .     Spirit   .   b - +0 animal skin
rPois    .         Reflect  .   (no helmet)
rElec    .         Harm     .   (no cloak)
rCorr    .         Rampage  .   (no gloves)
MR       .....                  (no boots)
Stlth    +.........             (no amulet)
HPRegen  0.22/turn              (no ring)
MPRegen  0.11/turn              (no ring)

@: berserk cooldown
A: no striking features
a: Berserk, Trog's Hand, Brothers in Arms, Renounce Religion


You were on level 1 of the Abyss.
You worshipped Trog.
Trog was greatly pleased with you.
You visited 1 branch of the dungeon, and saw 5 of its levels.
You visited the Abyss 1 time.

You collected 679 gold pieces.

Inventory:

Hand Weapons
 a - a +0 hand axe (weapon)
Armour
 b - a +0 animal skin (worn)
 e - a +0 cloak
Jewellery
 c - a +4 ring of protection {unknown}
 h - an uncursed ring of flight {unknown}
 l - an uncursed ring of stealth {unknown}
 n - an uncursed ring of flight {unknown}
 p - an uncursed ring of protection from magic {unknown}
 r - an uncursed ring of fire {unknown}
 u - a +4 ring of evasion
Wands
 v - a wand of acid (8)
Scrolls
 d - 6 scrolls of identify {unknown}
 f - a scroll of enchant armour {unknown}
 g - 3 scrolls of teleportation {unknown}
 i - 3 scrolls of immolation {unknown}
 o - 2 scrolls of enchant weapon {unknown}
 s - a scroll of remove curse {unknown}
 y - a scroll of blinking {unknown}
 z - a scroll of magic mapping {unknown}
 A - a scroll of fog {unknown}
Potions
 j - a potion of curing
 k - a potion of brilliance {unknown}
 m - 2 potions of flight {unknown}
 q - a potion of berserk rage {unknown}
 t - a potion of attraction {unknown}
 w - a potion of lignification {unknown}
 x - 2 potions of ambrosia {unknown}


   Skills:
 + Level 7.0 Fighting
 + Level 10.0 Axes
 + Level 2.4 Armour
 + Level 3.7 Dodging


You had 7 spell levels left.
You didn't know any spells.
Your spell library was empty.

Dungeon Overview and Level Annotations

Branches:
Dungeon (5/15)
 Temple: D:4-7

Altars:
Yredelemnul

Shops:
D:4 =

Annotations:
D:5 Edmund


Message History

You feel sick.
It was a potion of curing.
You feel better.
Found a fizzy yellow potion.
A sixfirhy comes into view.
A cacodemon comes into view.
Found a potion of curing.
You feel yourself speed up.
A sixfirhy is nearby!
The sixfirhy hits you! The sixfirhy shocks you!
You see here a potion of curing.
You're still recovering from your berserk rage.
You miss the sixfirhy. The sixfirhy completely misses you.
The sixfirhy hits you! The sixfirhy shocks you!
* * * LOW HITPOINT WARNING * * *
The sixfirhy hits you.
* * * LOW HITPOINT WARNING * * *
The sixfirhy shocks you!
* * * LOW HITPOINT WARNING * * *
The sixfirhy hits you!
You die...

##... ...# ...
####....#..###
##..### #. .#
###..#......#
.#..#!#...##
###..##.#.
#... ##3.#.#
## # #.
#@#.### #.
#.##.# .# #.
... #. .. .###
### # . .#


You could see a sixfirhy.

Vanquished Creatures
  Pikel (D:4)
  A phantom (D:4)
  A lemure (D:4)
  An orc priest (D:4)
  2 orc wizards (D:4)
  2 gnoll shamans (D:4)
  Ijyb (D:4)
  Natasha (thrice) (D:2)
  2 worker ants
  A hound skeleton (D:4)
  5 gnolls
  9 adders
  A white imp (D:5)
  3 adder skeletons (D:4)
  2 worms (D:4)
  7 dart slugs
  7 leopard geckos
  11 orcs
  2 ball pythons
  6 bats
  5 giant cockroaches
  8 goblins
  9 hobgoblins
  13 jackals
  7 kobolds
  4 quokkas
  4 frilled lizards
  A leopard gecko skeleton (D:4)
  A quokka skeleton (D:5)
  8 rats
128 creatures vanquished.

Notes
Turn   | Place    | Note
-------+----------+-------------------------------------------
     0 | D:1      | Giavanni the Hill Orc Berserker began the quest for the
                  | Orb.
     0 | D:1      | Reached XP level 1. HP: 19/19 MP: 1/1
    42 | D:1      | Reached XP level 2. HP: 19/27 MP: 2/2
   356 | D:1      | Reached XP level 3. HP: 30/33 MP: 3/3
   714 | D:1      | Reached ** piety under Trog
   715 | D:1      | Reached skill level 5 in Axes
  1105 | D:2      | Noticed Natasha
  1112 | D:2      | Killed Natasha
  1113 | D:2      | Reached XP level 4. HP: 41/41 MP: 4/4
  1130 | D:2      | Noticed Natasha
  1139 | D:2      | Killed Natasha
  1408 | D:2      | Reached XP level 5. HP: 47/47 MP: 5/5
  1633 | D:2      | Found a basalt altar of Yredelemnul.
  1771 | D:2      | Noticed Natasha
  1788 | D:2      | Killed Natasha
  1789 | D:2      | Reached skill level 6 in Axes
  2211 | D:2      | Reached skill level 5 in Fighting
  2963 | D:3      | Reached *** piety under Trog
  3058 | D:3      | Found a faded altar of an unknown god.
  3263 | D:3      | Reached XP level 6. HP: 56/56 MP: 6/6
  3722 | D:4      | Found Miro's Jewellery Emporium.
  3738 | D:4      | Noticed a phantom
  3770 | D:4      | Killed a phantom
  3771 | D:4      | Reached skill level 7 in Axes
  4263 | D:4      | Reached XP level 7. HP: 37/62 MP: 7/7
  4655 | D:4      | Noticed Ijyb
  4666 | D:4      | Killed Ijyb
  4666 | D:4      | Reached **** piety under Trog
  4842 | D:4      | Noticed Pikel
  4859 | D:4      | Killed Pikel
  4860 | D:4      | Reached skill level 9 in Axes
  4860 | D:4      | Reached XP level 8. HP: 47/71 MP: 8/8
  5427 | D:4      | Reached skill level 10 in Axes
  5643 | D:5      | Entered Level 5 of the Dungeon
  5831 | D:5      | Noticed Edmund
  5840 | D:5      | Cast into level 1 of the Abyss (Edmund)
  5840 | Abyss:1  | Found a corrupted altar of Lugonu.
  5858 | Abyss:1  | Noticed a sixfirhy
  5860 | Abyss:1  | Noticed a cacodemon
  5867 | Abyss:1  | Slain by a sixfirhy

Illustrated notes

Levels and vault maps discovered:
D:1:      doesnt_arrival_eight_statues, layout_rooms
D:2:      layout_basic, yredelemnul_altar_generic, uniq_natasha
D:3:      layout_basic, chequers_ecumenical_altar_simple_redux,
          chequers_arboretum
D:4:      minmay_polygon_palace, layout_basic, serial_shops,
          nicolae_shop_temple_entry_statues_fountains, nrook_mini_vaults,
          uniq_ijyb, uniq_pikel
D:5:      layout_cave_pools, serial_shops, kennysheep_mini, uniq_edmund
Abyss:1:  base:
D:3

Skill      XL: |  1  2  3  4  5  6  7  8 |
---------------+-------------------------+-----
Fighting       | 4 5 6 7 |  7.0
Axes           | 5 6 7 9 10 | 10.0
Dodging        | 2 3 |  3.7
Armour         | |  2.4

Action                   |  1- 3 |  4- 6 |  7- 9 || total
-------------------------+-------+-------+-------++-------
Melee: Hand axe          |   111 |   213 |    87 ||   411
Invok: Berserk           |     4 |     7 |     5 ||    16
       Trog's Hand       |       |     1 |     1 ||     2
  Use: Potion            |       |       |     1 ||     1
 Stab: Sleeping          |       |     1 |     1 ||     2
Armor: Animal skin       |    22 |    23 |       ||    45
Dodge: Dodged            |    82 |   146 |    46 ||   274

Table legend: (Time is in decaauts)
 A = Elapsed time spent in this place.
 B = Non-inter-level travel time spent in this place.
 C = Inter-level travel time spent in this place.
 D = Time resting spent in this place.
 E = Time spent auto-exploring this place.
 F = Levels seen in this place.
 G = Mean time per level.
                   A        B        C        D        E       F      G
               +--------+--------+--------+--------+--------+-----+--------+
         Total |   5977 |   5885 |     92 |   1805 |   3349 |   6 |  996.2 |
       Dungeon |   5940 |   5848 |     92 |   1805 |   3349 |   5 | 1188.0 |
         Abyss |     37 |     37 |      0 |      0 |      0 |   1 |   37.0 |
               +--------+--------+--------+--------+--------+-----+--------+

Top non-repeatable levels by time:
     D:4: 2055 daAuts
     D:2: 1692 daAuts
     D:1: 1143 daAuts
     D:3: 860 daAuts
     D:5: 188 daAuts
 Abyss:1: 37 daAuts
